Map: Cyber Forest LE

Players

Coki

  • Race: Terran Terran
  • League: Platinum
  • Spawn Location: 11:00

Salami - Winner!

  • Race: Terran Terran
  • League: Diamond
  • Spawn Location: 5:00

VOD

Have the link to the VOD?

Description

Time

  • Played on: June 10, 2019, 12:30 p.m.
  • Length: 11:11
Show
View Real Time Build Order
Export as new Build Order

Coki Terran 

Build Orders: Reaper Expand 

Get SALT Encoding   

  12  0:00  SCV  
  13  0:12  SCV  
  14  0:17  Supply Depot  
  14  0:25  SCV  
  15  0:39  SCV  
  15  0:40  Barracks  
  16  0:45  Refinery  
  16  0:51  SCV  
  17  0:59  Supply Depot  
  17  1:03  SCV  
  18  1:15  SCV  
  19  1:28  Orbital Command  
  19  1:37  Bunker  
  19  1:46  Bunker  
  19  1:53  Reaper  
  20  1:58  Barracks  
  20  2:00  SCV  
  20  2:25  Reaper  
  20  2:33  SCV  
  18  2:45  SCV  
  16  2:57  Reaper  
  16  2:58  SCV  
  11  3:10  SCV  
  11  3:12  Reaper  
  12  3:22  SCV  
  11  3:34  SCV, Reaper  
  12  3:46  SCV  
  13  3:52  Reaper  
  11  4:10  Marine  
  12  4:28  Orbital Command  
  9  5:38  Command Center  
  9  5:52  Command Center  
  9  6:13  Orbital Command  
  9  6:33  Marine  
  9  6:54  Refinery  
  10  6:56  Refinery  
  9  7:08  SCV  
  9  7:09  Orbital Command  
  11  7:27  SCV  
  11  7:37  SCV  
  12  7:49  SCV  
  13  7:59  Engineering Bay  
  13  8:04  SCV  
  14  8:24  Planetary Fortress  
  14  8:30  SCV  
  15  8:42  SCV  
  15  8:43  Supply Depot  
  16  8:54  SCV  
  17  9:01  SCV  
  18  9:07  SCV  
  19  9:13  SCV  
  12  9:30  SCV  
  13  9:32  Command Center  
  13  9:42  SCV  
  13  9:54  SCV  
  14  10:06  SCV  
  15  10:10  Supply Depot  
  15  10:28  SCV  
  13  10:40  SCV  
Show
View Real Time Build Order
Export as new Build Order

Salami Terran - Winner!

Build Orders:  

Get SALT Encoding   

  12  0:01  SCV  
  13  0:14  SCV  
  13  0:19  Supply Depot  
  14  0:27  Refinery  
  14  0:42  Barracks  
  14  0:54  Refinery  
  14  1:08  Barracks  
  14  1:19  SCV  
  15  1:29  Reaper  
  16  1:35  SCV  
  17  1:42  Supply Depot  
  17  1:55  Reaper  
  19  2:01  Reaper  
  19  2:27  Reaper  
  20  2:33  Reaper  
  19  2:59  Reaper  
  19  3:05  Reaper  
  20  3:31  Reaper  
  21  3:36  Orbital Command  
  21  3:37  Reaper  
  21  3:39  Command Center  
  21  4:03  Reaper  
  21  4:09  Reaper  
  23  4:20  Factory  
  22  4:35  Reaper  
  23  4:41  Reaper  
  23  4:43  SCV  
  25  4:55  SCV  
  25  4:56  Orbital Command  
  26  5:07  Reaper  
  26  5:12  Starport  
  26  5:30  Engineering Bay  
  26  5:33  SCV  
  26  5:34  SCV  
  28  5:44  Factory Tech Lab  
  28  5:46  SCV x2  
  30  5:58  SCV x2  
  32  6:09  Missile Turret  
  32  6:12  Cyclone  
  32  6:13  Starport Reactor  
  32  6:17  Orbital Command  
  35  6:45  SCV x2  
  37  6:57  SCV  
  37  6:58  SCV  
  38  7:10  SCV  
  38  7:11  Cyclone  
  38  7:12  Viking x2  
  46  7:23  Supply Depot  
  46  7:24  Supply Depot  
  46  7:34  Supply Depot  
  46  7:40  Factory  
  46  7:45  SCV x2  
  46  7:50  Supply Depot  
  48  7:53  Refinery  
  48  7:57  SCV x2  
  50  8:08  Viking x2  
  50  8:09  SCV x2  
  56  8:13  Cyclone  
  56  8:15  Refinery  
  59  8:21  SCV  
  59  8:26  SCV  
  61  8:33  SCV, Command Center, Factory Reactor  
  62  8:37  Factory  
  62  8:38  SCV  
  63  8:45  SCV  
  64  8:50  SCV  
  65  8:58  SCV  
  65  8:59  Viking x2  
  65  9:02  SCV, Cyclone  
  74  9:10  SCV  
  70  9:39  SCV x2  
  71  9:51  SCV x2  
  73  10:03  SCV  
  74  10:09  SCV  
  74  10:11  Orbital Command  
  75  10:15  SCV  
  75  10:20  Factory Tech Lab  
  76  10:21  SCV  
  76  10:23  Command Center  
  77  10:29  Command Center  
Tags
 
Add a new tag
Caveats
  • Supply blocks, unpowered buildings, or Contaminate may cause inaccurate times.
  • Supply counts are checked every 10 seconds.